 Dungeon Crawl Stone Soup version 0.29.0-4-gdea44cf6ec (webtiles) character file.

Game seed: 10947782134356308396

101 qw the Chopper (level 4, -1/26 HPs)
             Began as a Tengu Warper on Aug 28, 2022.
             Slain by Robin
             ... wielding a +0 club
              (3 damage)
             ... on level 2 of the Dungeon.
             The game lasted 00:00:13 (2171 turns).

qw the Chopper (Tengu Warper)                       Turns: 2171, Time: 00:00:14

Health: -1/26      AC: 10    Str: 14    XL:     4   Next: 75%
Magic:  8/8        EV:  4    Int: 13    God:
Gold:   89         SH:  0    Dex: 13    Spells: 7/7 levels left

rFire   . . .      SeeInvis .   Y - +0 hand axe
rCold   . . .      Faith    .   (no shield)
rNeg    . . .      Spirit   .   f - +0 plate armour
rPois   .          Reflect  .   (helmet restricted)
rElec   .          Harm     .   (no cloak)
rCorr   .          Rampage  .   (no gloves)
Will    .....                   (boots unavailable)
Stlth   ..........              (no amulet)
HPRegen 0.08/turn               (no ring)
MPRegen 0.11/turn               (no ring)

@: no status effects
A: beak, talons 3
a: no special abilities


You were on level 2 of the Dungeon.
You visited 1 branch of the dungeon, and saw 2 of its levels.

You collected 89 gold pieces.


Innate Abilities, Weirdness & Mutations

You have a beak for a mouth.
You have claws for feet.


   Skills:
 - Level 2.0 Fighting
 + Level 4.9 Axes
 - Level 1.0 Throwing
 - Level 2.0 Armour
 - Level 2.1 Dodging
 - Level 2.0 Spellcasting
 - Level 2.4 Translocations


You had 7 spell levels left.
You didn't know any spells.
Your spell library contained the following spells:

 Spells                   Type           Power      Damage    Failure   Level
 Blink                    Tloc           14%        N/A       100%        2
 Gell's Gravitas          Tloc           7%         N/A       100%        3
 Lesser Beckoning         Tloc           7%         N/A       100%        3
 Teleport Other           Tloc           7%         N/A       100%        3
 Manifold Assault         Tloc           7%         N/A       100%        5

Inventory:

Hand Weapons
 n - a +0 whip
 Y - a +0 hand axe (weapon)
Armour
 f - a +0 plate armour (worn)
Jewellery
 l - a ring of fire
Scrolls
 b - a scroll of enchant armour {unknown}
 c - a scroll of poison {unknown}
Potions
 a - 3 potions of curing {unknown}
 e - a potion of mutation {unknown}
 h - a potion of cancellation
 i - a potion of flight {unknown}
 o - a potion of magic {unknown}

Dungeon Overview and Level Annotations

Branches:
Dungeon (2/15)

Altars:

Annotations:
D:2 Robin


Message History

You kill the goblin!
Robin hits you but does no damage.
You closely miss Robin. You claw Robin, but do no damage.
You peck Robin, but do no damage. Robin hits you but does no damage.
You closely miss Robin. Your kick misses Robin. You peck Robin.
Robin is lightly wounded.
Robin hits you but does no damage.
You hit Robin.
Robin is lightly wounded.
Robin hits you but does no damage.
You hit Robin. You peck Robin, but do no damage.
Robin is moderately wounded.
Robin hits you with a +0 club.
You barely miss Robin. You claw Robin, but do no damage.
Your peck misses Robin.
Robin is moderately wounded.
Robin hits you but does no damage.
You hit Robin but do no damage. You claw Robin, but do no damage.
Robin is moderately wounded.
Robin hits you but does no damage.
You hit Robin but do no damage.
Robin is moderately wounded.
Robin hits you with a +0 club.
You hit Robin. You peck Robin, but do no damage. Your punch misses Robin.
Robin is heavily wounded.
Robin hits you but does no damage. x2
You hit Robin but do no damage. Your kick misses Robin.
You peck Robin, but do no damage.
Robin is heavily wounded.
Robin hits you but does no damage.
You barely miss Robin. Your peck misses Robin.
Robin is heavily wounded.
Robin hits you but does no damage.
You hit Robin but do no damage. Your kick misses Robin.
Robin is heavily wounded.
Robin hits you with a +0 club.
You hit Robin but do no damage. You claw Robin.
Robin is severely wounded.
Robin hits you with a +0 club.
You die...

###.#.#...##.##.##...##
#..#####...#..#..#..##
#.#.#. #...##.##...##
#.##.# ##...#..#..##
#.##.# #...##...##
#.##.# ##...#..##
#.##.# #...#### #.##.#
##.).# #.##.# #.%@#
#.##.## ##))g.....#
#.#.#.# #.......##
#..#### ##.....##
##.#.#<# #....##
##...#.## ##..##
#....>.# .## #......#
#### #......# #.#


You could see Robin.

Vanquished Creatures
  3 adders (D:2)
  2 worms (D:2)
  2 dart slugs
  6 endoplasms
  3 giant cockroaches
  11 goblins
  7 hobgoblins
  4 jackals
  3 quokkas (D:1)
  6 ball pythons
  2 bats (D:2)
  4 frilled lizards
  4 kobolds
  3 rats (D:2)
60 creatures vanquished.

Vanquished Creatures (others)
  2 demonic plants (D:1)
  2 fungi (D:1)
  A plant (D:1)
5 creatures vanquished.

Grand Total: 65 creatures vanquished

Notes
Turn   | Place    | Note
-------+----------+-------------------------------------------
     0 | D:1      | qw the Tengu Warper began the quest for the Orb.
     0 | D:1      | Reached XP level 1. HP: 12/12 MP: 4/4
     0 | D:1      | 0 ||| qw: Version: 0.1-a-89-g26bdef1
     0 | D:1      | 0 ||| qw: Game counter: 3331
     0 | D:1      | 0 ||| qw: Always use a shield: true
     0 | D:1      | 0 ||| qw: God list: Okawaru
     0 | D:1      | 0 ||| qw: Allow faded altars: false
     0 | D:1      | 0 ||| qw: Do Orc after D:15 true
     0 | D:1      | 0 ||| qw: Do second Lair branch before Depths: true
     0 | D:1      | 0 ||| qw: Lair rune preference: random
     0 | D:1      | 0 ||| qw: Plans: Normal
     0 | D:1      | 0 ||| PLANNING D:1-11
    90 | D:1      | Found a faded altar of an unknown god.
   147 | D:1      | Reached skill level 3 in Axes
   147 | D:1      | Reached XP level 2. HP: 15/17 MP: 6/6
   692 | D:1      | Reached XP level 3. HP: 21/21 MP: 7/7
   738 | D:1      | 738 ||| DROPPING +0 club.
   895 | D:1      | 895 ||| Stepping ~*~*~tactically~*~*~ (stealth).
   908 | D:1      | 908 ||| Stepping ~*~*~tactically~*~*~ (stealth).
   999 | D:1      | 999 ||| UPGRADING to +0 plate armour.
  1009 | D:1      | 1009 ||| DROPPING +0 leather armour.
  1010 | D:1      | 1010 ||| READING scroll labelled FAS UM OTAN.
  1134 | D:1      | 1134 ||| READING scroll labelled IMUX AJYMIOGUJ.
  1135 | D:1      | 1135 ||| READING scroll labelled OVUEGOCW XOTO.
  1136 | D:1      | 1136 ||| READING scroll labelled SUFYNN USMI.
  1141 | D:1      | 1141 ||| DRINKING 2 silvery potions.
  1142 | D:1      | 1142 ||| DRINKING 2 purple potions.
  1193 | D:1      | 1193 ||| DROPPING scroll of blinking.
  1194 | D:1      | 1194 ||| DROPPING potion of lignification.
  1254 | D:2      | Reached skill level 4 in Axes
  1375 | D:2      | 1375 ||| Stepping ~*~*~tactically~*~*~ (stealth).
  1406 | D:2      | HP: 4/21 [worm (2)]
  1733 | D:2      | Reached XP level 4. HP: 24/26 MP: 8/8
  1739 | D:2      | 1739 ||| Stepping ~*~*~tactically~*~*~ (stealth).
  1740 | D:2      | 1740 ||| Stepping ~*~*~tactically~*~*~ (stealth).
  1741 | D:2      | 1741 ||| Stepping ~*~*~tactically~*~*~ (stealth).
  1787 | D:2      | 1787 ||| Stepping ~*~*~tactically~*~*~ (stealth).
  2154 | D:2      | Noticed Robin
  2166 | D:2      | HP: 4/26 [Robin/+0 club (3)]
  2171 | D:2      | Slain by Robin

Levels and vault maps discovered:
D:1:      amcnicky_arrival_abandoned_market, layout_basic,
          shapermc_ecumenical_altar_gd
D:2:      minmay_razor_zed, layout_loops_ring, minmay_small_reverse_x,
          uniq_robin

Skill      XL: |  1  2  3 |
---------------+----------+-----
Axes           | 3 4 |  4.9
Armour         | 2 |  2.0
Fighting       | |  2.0
Throwing       | |  1.0
Dodging        | |  2.1
Spellcasting   | |  2.0
Translocations | |  2.4

Action                   |  1- 3 |  4- 6 || total
-------------------------+-------+-------++-------
Melee: Hand axe          |    84 |    59 ||   143
       Kick              |    23 |    15 ||    38
       Peck              |    13 |    12 ||    25
Throw: Boomerang         |     7 |       ||     7
  Use: Scroll            |     4 |       ||     4
       Potion            |     2 |       ||     2
Armor: Leather armour    |    11 |       ||    11
       Plate armour      |    12 |    52 ||    64
Dodge: Dodged            |    27 |     9 ||    36

Table legend:
 A = Non-vault XP
 B = Vault XP
 C = Vault XP percentage of total XP
 D = Non-vault monster count
 E = Vault monster count
 F = Vault count percentage of total count
                 A         B        C        D         E       F
            +---------+---------+-------+---------+---------+-------
      Total |      95 |      50 |  34.5 |      44 |      16 |  26.7
            +---------+---------+-------+---------+---------+-------
        D:1 |      43 |       0 |   0.0 |      23 |       0 |   0.0
        D:2 |      52 |      50 |  49.0 |      21 |      16 |  43.2
            +---------+---------+-------+---------+---------+-------
